AoeStats
← StevenW5318

Lombardia

510055561Analyzed
2v2 RM · 5d ago on Sep 29, 2026· 83m 57s· 4 players
Game mode
Random Map
Map size
Medium (4 player)
Population
200
Speed
Normal
Resources
Standard
Victory
Conquest
Starting age
Dark Age
Ending age
Imperial Age
RankedLock teamsTeams togetherTeam positionsShared explorationLock speedFull tech treeHidden civsTurbo modeCheats
Victory
Defeat
🇫🇷 Huns · France
1017
+16
🇨🇳 Franks · China
1008
+16
🇬🇧 Mongols · United Kingdom
1031
-17
🇳🇿 Saxons · New Zealand
982
-15
StevenW5318
12:35 Feudal Age
13:27 Double-Bit Axe
13:58 Horse Collar
17:11 Castle Age
17:24 Gold Mining
18:59 Bow Saw
19:21 Forging
22:54 Wheelbarrow
24:04 Loom
27:05 Hand Cart
28:07 Iron Casting
27:39 Scale Mail Armor
28:17 Town Watch
30:39 Arson
30:55 Squires
30:41 Gambesons
31:14 Heavy Plow
34:56 Imperial Age
33:37 Town Patrol
35:05 Chain Mail Armor
34:41 Fletching
38:13 Elite Varangian Guard
39:35 Plate Mail Armor
40:13 Ballistics
39:31 Shield Wall
40:36 Conscription
42:38 Crop Rotation
42:53 Gold Shaft Mining
43:29 Two-Man Saw
42:27 Crossbowman
43:13 Thumb Ring
42:29 Cranequins
43:09 Arbalester
43:52 Bodkin Arrow
43:58 Padded Archer Armor
48:43 Bracer
48:59 Leather Archer Armor
49:03 Pikeman
49:06 Elite Skirmisher
65:31 Halberdier
67:29 Ring Archer Armor
67:05 Scale Barding Armor
Alex43LUFC
10:36 Feudal Age
11:14 Double-Bit Axe
13:41 Loom
17:31 Castle Age
18:18 Horse Collar
24:16 Bloodlines
28:00 Fletching
28:37 Scale Barding Armor
30:01 Husbandry
30:17 Padded Archer Armor
31:55 Wheelbarrow
32:06 Forging
40:12 Imperial Age
39:54 Bow Saw
40:26 Chain Barding Armor
40:38 Ballistics
40:13 Heavy Camel Rider
42:22 Chemistry
41:37 Heavy Plow
42:20 Drill
41:42 Capped Ram
45:16 Conscription
47:31 Iron Casting
49:10 Bodkin Arrow
49:31 Leather Archer Armor
48:39 Elite Skirmisher
51:15 Thumb Ring
51:16 Bracer
59:05 Hand Cart
61:12 Fortified Wall
61:50 Scale Mail Armor
62:01 Caravan
62:43 Squires
63:25 Murder Holes
63:23 Pikeman
65:42 Man-at-Arms
68:38 Elite Steppe Lancer
Tangtang
6:42 Loom
11:27 Feudal Age
13:35 Wheelbarrow
13:08 Double-Bit Axe
17:29 Castle Age
15:59 Stone Mining
16:06 Horse Collar
19:56 Bow Saw
22:15 Scale Barding Armor
30:46 Imperial Age
28:29 Heavy Plow
28:25 Gold Mining
28:27 Town Watch
30:16 Chain Barding Armor
30:07 Forging
29:48 Fletching
31:00 Bloodlines
30:51 Husbandry
31:23 Marauders
32:10 Conscription
32:49 Plate Barding Armor
32:50 Iron Casting
32:58 Bodkin Arrow
36:54 Blast Furnace
35:54 Bracer
36:24 Ballistics
36:01 Murder Holes
36:56 Gold Shaft Mining
36:05 Cavalier
37:20 Padded Archer Armor
37:10 Paladin
39:15 Leather Archer Armor
39:40 Parthian Tactics
38:48 Heavy Cavalry Archer
39:36 Thumb Ring
44:38 Light Cavalry
50:42 Caravan
52:23 Hussar
57:54 Hand Cart
57:40 Town Patrol
79:07 Sappers
aaa916_
6:42 Loom
6:50 Loom
9:52 Feudal Age
16:01 Castle Age
14:15 Double-Bit Axe
16:05 Gold Mining
16:47 Husbandry
26:55 Wheelbarrow
28:23 Town Watch
29:28 Gold Shaft Mining
29:14 Bow Saw
29:12 Stone Mining
30:44 Scale Barding Armor
30:50 Forging
32:56 Iron Casting
32:41 Chain Barding Armor
32:38 Hand Cart
36:46 Imperial Age
36:51 Cavalier
38:14 Hoardings
39:24 Plate Barding Armor
40:30 Town Patrol
41:34 Blast Furnace
42:21 Paladin
43:07 Chivalry
43:40 Conscription
43:56 Paladin
57:33 Padded Archer Armor
57:24 Fletching
59:31 Arrowslits
60:47 Chemistry
60:37 Leather Archer Armor
60:18 Bodkin Arrow
62:22 Ballistics
62:21 Elite Skirmisher
70:33 Pikeman
71:13 Squires
70:59 Arson
72:32 Scale Mail Armor
74:31 Light Cavalry
80:57 Clinker Construction
Connection lost

Rejoining the realm…

Still unreachable

The connection could not be restored.

Session expired

The server has moved on; the page needs a fresh start.